 Dungeon Crawl Stone Soup version 0.25-a0-292-gaa31f046c4 (webtiles) character file.

Game seed: 17816357065009441861, levelgen mode: deterministic

56 Lanoc the Skirmisher (level 3, 0/39 HPs)
             Began as an Ogre Assassin on Dec 16, 2019.
             Slain by a hobgoblin (4 damage)
             ... on level 2 of the Dungeon.
             The game lasted 00:01:40 (808 turns).

Lanoc the Skirmisher (Ogre Assassin)                 Turns: 808, Time: 00:01:40

Health: 0/39       AC:  4    Str: 15    XL:     3   Next: 97%
Magic:  3/3        EV: 10    Int: 12    God:
Gold:   73         SH:  0    Dex: 11    Spells: 2/2 levels left

rFire    . . .     SeeInvis .   a - +2 dagger
rCold    . . .     Gourm    .   (no shield)
rNeg     . . .     Faith    .   b - +0 robe
rPois    .         Spirit   .   (helmet restricted)
rElec    .         Reflect  .   c - +0 cloak
rCorr    .         Harm     .   (gloves unavailable)
MR       .....                  (boots unavailable)
Stlth    ++........             (no amulet)
HPRegen  0.13/turn              (no ring)
MPRegen  0.08/turn              (no ring)

@: no status effects
A: large, unfitting armour, tough skin 1
a: no special abilities


You were on level 2 of the Dungeon.
You were not hungry.

You visited 1 branch of the dungeon, and saw 2 of its levels.

You collected 73 gold pieces.

Inventory:

Hand Weapons
 a - a +2 dagger (weapon)
Missiles
 d - 8 poisoned darts (quivered)
 e - 2 curare-tipped darts
Armour
 b - a +0 robe (worn)
 c - a +0 cloak (worn)
Scrolls
 g - 2 scrolls of teleportation {unknown}
 h - a scroll of identify {unknown}
 k - a scroll of noise {unknown}
 l - a scroll of enchant weapon {unknown}
Potions
 i - a potion of agility {unknown}
Comestibles
 f - 4 rations
 j - 3 chunks of flesh


   Skills:
 + Level 3.8 Fighting
 + Level 2.5 Short Blades
 - Level 2.0 Throwing
 + Level 2.0 Dodging
 - Level 2.9 Stealth


You had 2 spell levels left.
You didn't know any spells.
Your spell library was empty.

Dungeon Overview and Level Annotations

Branches:
Dungeon (2/15)

Altars:


Innate Abilities, Weirdness & Mutations

You are too large for most types of armour.
You have tough skin. (AC +1)


Message History

The hobgoblin is lightly wounded.
The hobgoblin hits you.
* * * LOW HITPOINT WARNING * * *
You hit the hobgoblin.
The hobgoblin is severely wounded.
The hobgoblin hits you but does no damage.
You completely miss the hobgoblin.
The hobgoblin is severely wounded.
The hobgoblin hits you.
* * * LOW HITPOINT WARNING * * *
You hit the hobgoblin.
The hobgoblin is almost dead.
The hobgoblin closely misses you.
You barely miss the hobgoblin.
The hobgoblin is severely wounded.
The hobgoblin barely misses you.
You hit the hobgoblin but do no damage.
The hobgoblin is severely wounded.
The hobgoblin hits you.
You die...

#######.########..#
#.#. #.# #..# #.#.
#.# #..# #.#
#.########..# #.#
#.##.....#..# #.#
#.##.....#..# #.# #.
+.%.....$# #.#
#...g.#..#########.#.
#...@.##.#.........#.
########>#.#########.
###.#.......#.
#.#.#####.#. #.#.#
#.#. #.#.#####.#.
#.#.........
#.#######.#.
#.........#.


You could see a hobgoblin.

Vanquished Creatures
  3 gnolls (D:2)
  An ooze (D:1)
  A dart slug (D:1)
  An orc (D:2)
  4 bats (D:1)
  A goblin (D:1)
  3 hobgoblins (D:1)
  2 frilled lizards (D:1)
  6 kobolds
  2 rats
24 creatures vanquished.

Notes
Turn   | Place    | Note
-------+----------+-------------------------------------------
     0 | D:1      | Lanoc the Ogre Assassin began the quest for the Orb.
     0 | D:1      | Reached XP level 1. HP: 22/22 MP: 1/1
    50 | D:1      | Reached skill level 1 in Dodging
    87 | D:1      | Reached skill level 3 in Fighting
    87 | D:1      | Reached XP level 2. HP: 12/31 MP: 2/2
   645 | D:2      | Reached XP level 3. HP: 22/37 MP: 3/3
   808 | D:2      | Slain by a hobgoblin

Levels and vault maps discovered:
D:1:      ncdulo_lavacross, layout_basic, hangedman_abyss_or_decor_stabs
D:2:      kennysheep_six_static_rooms, layout_basic, corexii_shack,
          minmay_lizard_king, uniq_natasha

Skill      XL: |  1  2  3 |
---------------+----------+-----
Dodging        | 1 2 |  2.0
Fighting       | 3 |  3.8
Short Blades   | 2 |  2.5
Throwing       | |  2.0
Stealth        | |  2.9

Action                   || total
-------------------------++-------
Melee: Dagger            ||   102
 Stab: Sleeping          ||     4
Armor: Robe              ||    25
Dodge: Dodged            ||    39

Table legend:
 A = Non-vault XP
 B = Vault XP
 C = Vault XP percentage of total XP
 D = Non-vault monster count
 E = Vault monster count
 F = Vault count percentage of total count
                 A         B        C        D         E       F
            +---------+---------+-------+---------+---------+-------
      Total |      78 |       3 |   3.7 |      23 |       1 |   4.2
            +---------+---------+-------+---------+---------+-------
        D:1 |      32 |       0 |   0.0 |      17 |       0 |   0.0
        D:2 |      46 |       3 |   6.1 |       6 |       1 |  14.3
            +---------+---------+-------+---------+---------+-------
